[Event "POL-chT 2 Liga 2019"]
[Site "Poronin"]
[Date "2019.09.15"]
[Round "9.42"]
[White "Chmiel, Dominika"]
[Black "Trybowska, Barbara"]
[Result "1/2-1/2"]
[ECO "B90"]
[WhiteElo "2075"]
[BlackElo "1689"]
[Annotator "NA"]
[PlyCount "77"]
[EventDate "2019.09.07"]
[EventType "team-tourn"]
[EventCountry "POL"]
[SourceTitle "playchess.com"]
[Source "ChessBase"]
[SourceQuality "1"]
[TimeControl "40/5400+30:1800+30"]

1. e4 c5 2. Nf3 d6 3. d4 cxd4 4. Nxd4 Nf6 5. Nc3 a6 6. Bc4 e6 7. f3 Be7 8. Be3 b5 9. Bb3 O-O 10. Qd2 Bd7 11. g4 Nc6 12. O-O-O Rc8 13. g5 Nh5 14. Rhg1 g6 15. f4 Nxd4 16. Bxd4 a5 17. a3 b4 18. Na4 Bxa4 19. Bxa4 bxa3 20. bxa3 d5 21. Bb2 Qb6 22. exd5 Rb8 23. Qc3 f6 24. Bd7 Nxf4 25. Rge1 e5 26. d6 Bxd6 27. Qb3+ Qxb3 28. cxb3 Be7 29. gxf6 Bxf6 30. Ba4 Rfd8 31. Rxd8+ Rxd8 32. Bb5 Bg5 33. Kc2 Ng2 34. Bc4+ Kf8 35. Bxe5 Ne3+ 36. Kc3 Nd1+ 37. Kc2 Ne3+ 38. Kc3 Nd1+ 39. Kc2 1/2-1/2

[Event "POL-chT 2 Liga 2019"]
[Site "Poronin"]
[Date "2019.09.15"]
[Round "9.43"]
[White "Sieciechowicz, Marcin"]
[Black "Tomczak, Rafal"]
[Result "1/2-1/2"]
[ECO "A40"]
[WhiteElo "2364"]
[BlackElo "2320"]
[Annotator "NA"]
[PlyCount "104"]
[EventDate "2019.09.07"]
[EventType "team-tourn"]
[EventCountry "POL"]
[SourceTitle "playchess.com"]
[Source "ChessBase"]
[SourceQuality "1"]
[TimeControl "40/5400+30:1800+30"]

1. d4 g6 2. c4 Bg7 3. e4 d6 4. Nc3 c6 5. Be3 e5 6. dxe5 {[%emt 0:02:25] A42: Modern Defence: Averbakh Variation} (6. Nge2 Nf6 7. f3 Nbd7 8. Qd2 O-O 9. d5 cxd5 10. cxd5 a6 11. g4 h5 12. g5 Nh7 13. Nc1 f6 14. gxf6 Bxf6 15. Rg1 Bh4+ 16. Kd1 g5 17. Nd3 Kh8 18. Be2 Rf7 19. Rc1 Ndf8 20. Na4 {1-0 (43) Amin,B (2709)-Jovanovic,Z (2537) Zagreb 2018}) 6... dxe5 7. Qxd8+ Kxd8 8. O-O-O+ Ke8 9. c5 $146 ({Predecessor:} 9. g3 Be6 10. f4 Nd7 11. Kc2 Ngf6 12. Nf3 Ng4 13. Bg1 Bh6 14. h3 Ngf6 15. fxe5 {½-½ (48) Arbakov,V (2575)-Titov,G (2500) Tiraspol 1994}) 9... Be6 10. Nf3 h6 11. Nd2 Nd7 12. Nc4 Kd8 13. b4 Ne7 14. b5 Bf6 15. Be2 Nc8 16. Na5 Kc7 17. Nxb7 Kxb7 18. bxc6+ Kxc6 19. Bb5+ Kc7 20. Bxd7 Bxd7 21. Nd5+ Kc6 22. Nxf6 Be6 23. Rd2 Rb8 24. Rhd1 Rb4 25. f3 h5 26. Bf2 h4 27. Nd5 Ra4 28. Rb2 h3 29. g4 f5 30. Nb4+ Kc7 31. gxf5 $18 gxf5 32. exf5 Bxf5 33. Nd5+ Kc6 34. Nb4+ Kc7 35. Bg3 Re8 36. Re1 Re6 37. Rxe5 Rxe5 38. Bxe5+ Kd7 39. f4 a5 40. Rd2+ Ke8 41. Na6 Ne7 42. Bd6 Nc6 43. Nc7+ Kf7 44. Kb2 Re4 45. Nd5 Re1 46. Nc3 Rg1 47. a3 Rg2 48. Rxg2 hxg2 49. Ne2 Nd4 50. Ng1 Ke6 51. Be5 Kd5 52. Kc3 Nc6 {Kd4+} 1/2-1/2

[Event "POL-chT 2 Liga 2019"]
[Site "Poronin"]
[Date "2019.09.15"]
[Round "9.44"]
[White "Kulesza, Mateusz"]
[Black "Grela, Kacper"]
[Result "0-1"]
[ECO "B23"]
[WhiteElo "2246"]
[BlackElo "2346"]
[Annotator "NA"]
[PlyCount "70"]
[EventDate "2019.09.07"]
[EventType "team-tourn"]
[EventCountry "POL"]
[SourceTitle "playchess.com"]
[Source "ChessBase"]
[SourceQuality "1"]
[TimeControl "40/5400+30:1800+30"]

1. e4 c5 2. Nc3 Nc6 3. f4 g6 4. Nf3 Bg7 5. d3 e6 6. g4 Nd4 7. Bg2 Ne7 8. O-O f5 9. gxf5 exf5 10. Nxd4 cxd4 11. Ne2 d6 12. c4 O-O 13. b4 fxe4 14. Bxe4 d5 15. cxd5 Nxd5 16. Ng3 Nc3 17. Qb3+ Kh8 18. Bd2 Qb6 19. Bxc3 dxc3+ 20. Kg2 Be6 21. Qc2 Qxb4 22. Rab1 Qa5 23. Rxb7 Rab8 24. Rfb1 Rxb7 25. Rxb7 Bd5 26. Rd7 Bxe4+ 27. dxe4 Rxf4 28. a4 Rf8 29. Qb3 Qb6 30. Qc4 h5 31. Kh3 Qg1 32. Rxg7 Kxg7 33. Qxc3+ Kh7 34. Qc7+ Kh6 35. Qd6 Rf2 0-1

[Event "POL-chT 2 Liga 2019"]
[Site "Poronin"]
[Date "2019.09.15"]
[Round "9.47"]
[White "Krawiec, Grzegorz"]
[Black "Bartkowiak, Damian"]
[Result "1/2-1/2"]
[ECO "B10"]
[WhiteElo "1792"]
[BlackElo "2085"]
[Annotator "NA"]
[PlyCount "39"]
[EventDate "2019.09.07"]
[EventType "team-tourn"]
[EventCountry "POL"]
[SourceTitle "playchess.com"]
[Source "ChessBase"]
[SourceQuality "1"]
[TimeControl "40/5400+30:1800+30"]

1. e4 c6 2. c4 d5 3. cxd5 cxd5 4. exd5 Nf6 5. Bb5+ Nbd7 6. Nc3 g6 7. d4 Bg7 8. d6 O-O 9. dxe7 Qxe7+ 10. Nge2 Rd8 11. O-O Nb6 12. Bg5 h6 13. Bh4 g5 14. Bg3 Nh5 15. Qd2 Be6 16. Rfd1 Nxg3 17. hxg3 a6 18. Bd3 Rd7 19. Rac1 Rad8 20. b3 1/2-1/2

[Event "POL-chT 2 Liga 2019"]
[Site "Poronin"]
[Date "2019.09.15"]
[Round "9.50"]
[White "Pyda, Zbigniew"]
[Black "Cajbel, Maciej"]
[Result "1/2-1/2"]
[ECO "A60"]
[WhiteElo "2322"]
[BlackElo "2199"]
[Annotator "NA"]
[PlyCount "83"]
[EventDate "2019.09.07"]
[EventType "team-tourn"]
[EventCountry "POL"]
[SourceTitle "playchess.com"]
[Source "ChessBase"]
[SourceQuality "1"]
[TimeControl "40/5400+30:1800+30"]

1. d4 Nf6 2. c4 c5 3. d5 e6 4. Nc3 exd5 5. cxd5 d6 6. h3 g6 7. Bg5 Bg7 8. e3 O-O 9. Nf3 Na6 10. Be2 Nc7 11. a4 b6 12. O-O h6 13. Bh4 Rb8 14. e4 Re8 15. Bd3 g5 16. Bg3 Nh5 17. Ne5 $16 Bxe5 18. Qxh5 Qf6 19. Ne2 Qg6 20. Qxg6+ fxg6 21. Bxe5 Rxe5 22. f4 gxf4 23. Rxf4 Ba6 24. Bxa6 Nxa6 25. Rf6 Rf8 26. Raf1 Rxf6 27. Rxf6 Kg7 28. Rxd6 Rxe4 29. Nc3 Re7 30. a5 Rb7 31. axb6 Rxb6 32. Rd7+ Kf6 33. Rxa7 Nb4 34. d6 Ke5 35. d7 Rd6 36. Rc7 Nd3 37. Na4 Kd4 38. Nc3 Ke5 39. Nb5 Rd5 40. Nc3 Rd6 41. Nb5 Rd5 42. Rb7 1/2-1/2

[Event "POL-chT 2 Liga 2019"]
[Site "Poronin"]
[Date "2019.09.15"]
[Round "9.51"]
[White "Zurkowski, Andrzej"]
[Black "Maka, Marcin"]
[Result "0-1"]
[WhiteElo "2029"]
[BlackElo "2108"]
[Annotator "NA"]
[PlyCount "85"]
[EventDate "2019.09.07"]
[EventType "team-tourn"]
[EventCountry "POL"]
[SourceTitle "playchess.com"]
[Source "ChessBase"]
[SourceQuality "1"]
[TimeControl "40/5400+30:1800+30"]

1. d4 d5 2. Nf3 Nf6 3. g3 e6 4. Bg2 Nbd7 5. O-O Be7 6. b3 b6 7. Bb2 O-O 8. h3 Ba6 9. Nbd2 Rc8 10. c4 c5 11. cxd5 Nxd5 12. Re1 cxd4 13. Nxd4 Bb4 14. Bxd5 exd5 15. a3 Be7 16. b4 Bf6 17. Qa4 Bc4 18. N2f3 b5 19. Qd1 Nb6 20. Rc1 Na4 21. Qd2 a5 22. bxa5 Nxb2 23. Qxb2 Qxa5 24. Rc3 Rfe8 25. Qd2 Ra8 26. e3 Qb6 27. Rb1 Qc5 28. Rxb5 Qd6 29. Rb4 Qd7 30. Kh2 Be7 31. Rb1 Bxa3 32. Nc2 Bd6 33. Ncd4 Ra2 34. Rc2 Rea8 35. Rxa2 Rxa2 36. Nc2 h5 37. Ra1 Rb2 38. Qc1 Qb7 39. h4 Bd3 40. Nfe1 Be4 41. Qd1 Qc8 42. Rc1 Qf5 43. Qe2 0-1

[Event "POL-chT 2 Liga 2019"]
[Site "Poronin"]
[Date "2019.09.15"]
[Round "9.52"]
[White "Panas, Pawel"]
[Black "Smusz, Kamil"]
[Result "1/2-1/2"]
[ECO "D02"]
[WhiteElo "2165"]
[BlackElo "1906"]
[Annotator "NA"]
[PlyCount "55"]
[EventDate "2019.09.07"]
[EventType "team-tourn"]
[EventCountry "POL"]
[SourceTitle "playchess.com"]
[Source "ChessBase"]
[SourceQuality "1"]
[TimeControl "40/5400+30:1800+30"]

1. d4 d5 2. Nf3 Bf5 3. c4 e6 4. Nc3 c6 5. Qb3 Qb6 6. Qa4 Nd7 7. g3 Ngf6 8. Bg2 Qb4 9. cxd5 Nxd5 10. Qxb4 Nxb4 11. O-O Nc2 12. Rb1 Nf6 13. Bg5 Ne4 14. Nxe4 Bxe4 15. Rbd1 Nb4 16. a3 Nd5 17. Ne1 Bxg2 18. Kxg2 Be7 19. Bxe7 Kxe7 20. Nd3 Rac8 21. Rc1 Rhd8 22. e3 Nb6 23. Kf3 Rd5 24. h4 Nd7 25. Rfd1 Rd8 26. Ke2 a5 27. f4 f6 28. b4 1/2-1/2

[Event "POL-chT 2 Liga 2019"]
[Site "Poronin"]
[Date "2019.09.15"]
[Round "9.53"]
[White "Mikula, Michal"]
[Black "Fraczek, Dariusz"]
[Result "1/2-1/2"]
[ECO "C00"]
[WhiteElo "1830"]
[BlackElo "2033"]
[Annotator "NA"]
[PlyCount "58"]
[EventDate "2019.09.07"]
[EventType "team-tourn"]
[EventCountry "POL"]
[SourceTitle "playchess.com"]
[Source "ChessBase"]
[SourceQuality "1"]
[TimeControl "40/5400+30:1800+30"]

1. e4 e6 2. Nf3 d5 3. e5 c5 4. b4 cxb4 5. a3 Nc6 6. axb4 Bxb4 7. c3 Be7 8. d4 Bd7 9. Bd3 Rc8 10. O-O a6 11. Ne1 f5 12. g4 Na5 13. gxf5 exf5 14. Ng2 g6 15. Nf4 Bg5 16. e6 Bc6 17. Bxf5 Ne7 18. Bc2 O-O 19. Qg4 Bxf4 20. Bxf4 Nc4 21. Bh6 Rf6 22. Bg5 Qf8 23. Re1 Re8 24. Bxf6 Qxf6 25. Na3 Rf8 26. Qg3 Nd2 27. Re3 Nf3+ 28. Kg2 Nh4+ 29. Kg1 Nef5 1/2-1/2

[Event "POL-chT 2 Liga 2019"]
[Site "Poronin"]
[Date "2019.09.15"]
[Round "9.54"]
[White "Fraczek, Weronika"]
[Black "Mirowska, Oliwia"]
[Result "1/2-1/2"]
[ECO "B22"]
[WhiteElo "1875"]
[BlackElo "1900"]
[Annotator "NA"]
[PlyCount "34"]
[EventDate "2019.09.07"]
[EventType "team-tourn"]
[EventCountry "POL"]
[SourceTitle "playchess.com"]
[Source "ChessBase"]
[SourceQuality "1"]
[TimeControl "40/5400+30:1800+30"]

1. e4 c5 2. c3 g6 3. d4 cxd4 4. cxd4 Bg7 5. Nc3 d6 6. Bc4 Nf6 7. Nf3 O-O 8. Qe2 Nc6 9. d5 Ne5 10. Nxe5 dxe5 11. O-O a6 12. a4 Bd7 13. a5 Ne8 14. Be3 Nd6 15. Bb6 Qe8 16. Bd3 Rc8 17. Rac1 e6 1/2-1/2